 Dungeon Crawl Stone Soup version 0.24-a0-580-g6a6c3f83c1 (webtiles) character file.

Game seed: 13400057551541654911

135418 Ijustatesigmund the Warrior (level 17, -2/191 HPs)
             Began as an Ogre Fighter on Aug 21, 2019.
             Was the Champion of Okawaru.
             Slain by an alligator (23 damage)
             ... on level 3 of the Swamp on Aug 22, 2019.
             The game lasted 01:34:35 (31359 turns).

Ijustatesigmund the Warrior (Ogre Fighter)         Turns: 31359, Time: 01:34:35

Health: -2/191     AC: 15    Str: 26    XL:     17   Next: 19%
Magic:  27/28      EV: 12    Int: 11    God:    Okawaru [******]
Gold:   2289       SH:  3    Dex: 11    Spells: 16/16 levels left

rFire    + + +     SeeInvis .   P - +7 great mace "Firestarter" {inner flame, rF++}
rCold    . . .     Gourm    .   (shield currently unavailable)
rNeg     . . .     Faith    .   x - +3 troll leather armour
rPois    +         Spirit   .   Y - +1 hat {MR+}
rElec    +         Reflect  +   G - +2 cloak {+Inv}
rCorr    +         Harm     .   (gloves unavailable)
MR       ++...                  (boots unavailable)
Stlth    +.........             L - +3 amulet of reflection
HPRegen  0.81/turn              U - ring of protection from fire
MPRegen  0.21/turn              o - ring of the Traitor {rPois rCorr Int+2 Dex-2 Slay+3}

@: very slightly contaminated, slowed, invisible, very slow
A: large, unfitting armour, thin metallic scales 1, poison resistance,
electricity resistance, strong 1, tough skin 1
a: Heroism, Finesse, Renounce Religion


You were on level 3 of the Swamp.
You worshipped Okawaru.
Okawaru was exalted by your worship.
You were near starving.

You visited 5 branches of the dungeon, and saw 27 of its levels.
You also visited: Ossuary, Bailey and Gauntlet.

You collected 2841 gold pieces.
You spent 552 gold pieces at shops.

Inventory:

Hand Weapons
 w - the +4 fustibalus of Demonkind {venom, rF- Str+2 Int+2}
   (You found it on level 5 of the Dungeon)

   It poisons the ammo it fires.
   It affects your strength (+2).
   It affects your intelligence (+2).
   It makes you vulnerable to fire.
 C - a +0 morningstar
 F - the +8 storm bow {elec, penet}
   (Okawaru gifted it to you on level 15 of the Dungeon)

   It charges the ammunition it shoots with electricity; occasionally upon a
   hit, such missiles may discharge and cause terrible harm.
   Ammo fired by it will pass through the targets it hits, potentially hitting
   all targets in its path until it reaches maximum range.
 P - the +7 great mace "Firestarter" (weapon) {inner flame, rF++}
   (Okawaru gifted it to you on level 5 of the Lair of Beasts)

   It has been specially enchanted to burn those struck by it, causing extra
   injury to most foes and up to half again as much damage against particularly
   susceptible opponents.
   It greatly protects you from fire.
Missiles
 a - 12 atropa-tipped darts
 O - 38 large rocks (quivered)
 Q - 6 curare-tipped darts
 W - 38 silver javelins
Armour
 c - a +1 shield
 i - a scarf of repulsion
 n - the +1 robe of Temperance {Dex+6}
   (Okawaru gifted it to you on level 6 of the Lair of Beasts)

   It affects your dexterity (+6).
 x - a +3 troll leather armour (worn)
 G - a +2 cloak of invisibility (worn)
 Y - a +1 hat of magic resistance (worn)
Jewellery
 e - an uncursed amulet of regeneration
 o - the ring of the Traitor (right hand) {rPois rCorr Int+2 Dex-2 Slay+3}
   (You found it in a Gauntlet)

   [ring of resist corrosion]

   It affects your intelligence (+2).
   It affects your dexterity (-2).
   It affects your accuracy and damage with ranged weapons and melee attacks
   (+3).
   It protects you from poison.
   It provides partial protection from all sources of acid and corrosion.
 u - the ring "Rehearuyd" {rPois EV+1}
   (You found it in a Gauntlet)

   [ring of evasion]

   It affects your evasion (+1).
   It protects you from poison.
 H - the ring "Lunoin" {Str+8 Stlth+}
   (You found it on level 6 of the Lair of Beasts)

   [ring of stealth]

   It affects your strength (+8).
   It makes you more stealthy.
 L - a +3 amulet of reflection (around neck)
 U - a ring of protection from fire (left hand)
Wands
 b - a wand of digging (5)
 g - a wand of polymorph (21)
 q - a wand of iceblast (16)
 z - a wand of scattershot (1)
 J - a wand of enslavement (5)
 M - a wand of disintegration (15)
 R - a wand of random effects (14)
 S - a wand of acid (12)
 T - a wand of flame (25)
Scrolls
 s - 2 scrolls of blinking
 v - 7 scrolls of identify
 y - 2 scrolls of silence
 A - a scroll of teleportation
 D - a scroll of brand weapon
 I - 4 scrolls of enchant weapon
 K - 2 scrolls of immolation
 X - 2 scrolls of remove curse
 Z - 3 scrolls of amnesia
Potions
 d - a potion of ambrosia
 h - 9 potions of curing
 j - 3 potions of flight
 k - a potion of resistance
 l - a potion of might
 m - 4 potions of haste
 p - 4 potions of lignification
 r - 2 potions of cancellation
 t - 4 potions of invisibility
 B - 2 potions of magic
 E - a potion of brilliance
 N - a potion of agility
Comestibles
 f - 30 rations


   Skills:
 - Level 17.1 Fighting
 + Level 15.4 Maces & Flails
 - Level 7.1 Throwing
 + Level 6.0 Armour
 - Level 7.2 Dodging
 - Level 7.6 Shields
 + Level 15.8 Invocations
 + Level 3.9 Evocations


You had 16 spell levels left.
You didn't know any spells.
Your spell library contained the following spells:

 Spells                   Type           Power        Failure   Level  Hunger
 Confusing Touch          Hex            #.....       36%         1    ##.....
 Corona                   Hex            #......      36%         1    ##.....
 Freeze                   Ice            #...         36%         1    ##.....
 Infusion                 Chrm           #...         36%         1    ##.....
 Magic Dart               Conj           #...         36%         1    ##.....
 Sandblast                Erth           #.....       36%         1    ##.....
 Ensorcelled Hibernation  Hex/Ice        #.....       52%         2    ###....
 Passwall                 Tmut/Erth      #.......     52%         2    ###....
 Searing Ray              Conj           #.....       52%         2    ###....
 Shroud of Golubria       Chrm/Tloc      #.....       52%         2    ###....
 Song of Slaying          Chrm           #.......     52%         2    ###....
 Throw Frost              Conj/Ice       #.....       52%         2    ###....
 Confuse                  Hex            #.......     75%         3    ####...
 Conjure Flame            Conj/Fire      #.......     75%         3    ####...
 Dazzling Spray           Conj/Hex       #.....       75%         3    ####...
 Gell's Gravitas          Tloc           #.........   75%         3    ####...
 Ozocubu's Armour         Chrm/Ice       #.......     75%         3    ####...
 Portal Projectile        Hex/Tloc       #.....       75%         3    ####...
 Regeneration             Chrm/Necr      #.........   75%         3    ####...
 Spectral Weapon          Hex/Chrm       #.......     75%         3    ####...
 Stone Arrow              Conj/Erth      #.....       75%         3    ####...
 Tukima's Dance           Hex            #.......     75%         3    ####...
 Force Lance              Conj/Tloc      #.......     98%         4    #####..
 Fulminant Prism          Conj/Hex       #.........   98%         4    #####..
 Iskenderun's Mystic Bla  Conj           #.......     98%         4    #####..
 Petrify                  Tmut/Erth      #.......     98%         4    #####..
 Summon Ice Beast         Ice/Summ       #.......     98%         4    #####..
 Summon Lightning Spire   Summ/Air       #.......     98%         4    #####..
 Throw Icicle             Conj/Ice       #.......     98%         4    #####..
 Alistair's Intoxication  Tmut/Pois      #.......     100%        5    ######.
 Fireball                 Conj/Fire      #.........   100%        5    ######.
 Lee's Rapid Deconstruct  Erth           #.........   100%        5    ######.
 Metabolic Englaciation   Hex/Ice        #.........   100%        5    ######.
 Silence                  Hex/Air        #.........   100%        5    ######.
 Yara's Violent Unravell  Hex/Tmut       #.........   100%        5    ######.
 Conjure Ball Lightning   Conj/Air       #.........   100%        6    #######
 Deflect Missiles         Chrm/Air       #.........   100%        6    #######
 Dispersal                Tloc           #.........   100%        6    #######
 Controlled Blink         Tloc           N/A          100%        8    #######
 Disjunction              Tloc           #.........   100%        8    #######
 Tornado                  Air            #.........   100%        9    #######


Dungeon Overview and Level Annotations

Branches:
Dungeon (15/15)            Temple (1/1) D:7            Lair (6/6) D:10
  Swamp (2/4) Lair:2       Spider (0/4) Lair:3        Slime (0/5) Lair:6
    Orc (2/2) D:12            Elf (0/3) Orc:2        Vaults (0/5) D:13
 Depths (0/5) D:15        Ossuary (visited)          Bailey (visited)
Gauntlet (visited)

Altars:
Ashenzari
Cheibriados
Dithmenos
Elyvilon
Fedhas
Gozag
Hepliaklqana
Kikubaaqudgha
Makhleb
Nemelex Xobeh
Okawaru
Qazlal
Ru
Sif Muna
Trog
Uskayaw
Vehumet
Wu Jian
Xom
Yredelemnul
Zin
The Shining One
Beogh

Shops:
D:4 [=[?*   D:5 [   D:6 **   D:9 =   D:14 }   Orc:2 %}}(

Annotations:
D:3 3 runed translucent doors, jedigorilla's ghost, amateur TrBe
D:6 1 runed translucent door, swagumen's ghost, novice TrMo
D:7 Duvessa
Lair:2 exclusion: 4 oklob plants


Innate Abilities, Weirdness & Mutations

You are too large for most types of armour.
You have tough skin. (AC +1)
You are partially covered in thin metallic scales. (AC +2)
Your system is resistant to poisons. (rPois)
You are resistant to electric shocks. (rElec)
Your muscles are strong. (Str +2)


Message History

You are near starving!
The swamp worm bites you.
* * * LOW HITPOINT WARNING * * *
You bludgeon the swamp worm!! You burn the swamp worm.
The swamp worm is filled with an inner flame.
The swamp worm is severely wounded.
The alligator bites you but does no damage.
The alligator tail-slaps you but does no damage.
The swamp worm bites you.
* * * LOW HITPOINT WARNING * * *
The alligator bites you!!
* * * LOW HITPOINT WARNING * * *
You block the alligator's attack. The swamp worm bites you.
* * * LOW HITPOINT WARNING * * *
You hit the swamp worm. You burn the swamp worm.
The swamp worm is almost dead.
The alligator puts on a burst of speed!
The swamp worm bites you but does no damage.
The alligator bites you!!
You die...

.. ... ...≈ ♣♣..≈≈
♣♣♣≈.≈%≈≈ ♣≈≈.≈♣
♣$t≈.♣♣♣.
♣@≈≈...≈♣
♣..≈w≈≈≈≈≈.♣
♣≈≈.≈≈≈.≈≈.♣
≈≈.≈≈.♣.≈.≈≈≈≈.♣..
♣♣.≈≈≈≈.≈≈♣.≈≈≈♣♣
. ...≈≈≈≈...♣♣♣♣♣♣
♣..≈≈≈≈≈≈.♣
$..♣.≈≈≈≈.♣ .≈≈
t......§≈≈♣ .....♣


You could see an alligator and a swamp worm (inner flame).

Vanquished Creatures
  Gastronok (D:8)
  A stone giant (Orc:1)
  A minotaur (Gauntlet)
  2 ettins
  A vault guard (D:13)
  6 hydras
  A catoblepas (Lair:6)
  2 centaur warriors (D:15)
  2 shambling mangroves (Swamp:1)
  6 alligators (Swamp:1)
  9 death yaks
  11 two-headed ogres
  2 tengu warriors
  4 orc high priests
  Sonja (D:10)
  2 sixfirhies
  3 unseen horrors
  2 swamp dragons
  A fire crab (Gauntlet)
  5 skeletal warriors (D:15)
  A storm dragon skeleton (D:15)
  A wizard (D:14)
  A necromancer (D:15)
  9 orc knights
  Pikel (D:8)
  A phantasmal warrior (D:15)
  16 ugly things
  A stone giant zombie (D:15)
  2 deep elf magi (D:13)
  6 cyclopes
  7 orc sorcerers
  2 manticores
  26 elephants
  Maurice (D:8)
  Joseph (D:9)
  3 black mambas
  A torpor snail (Lair:4)
  5 gargoyles
  3 kobold demonologists (D:11)
  14 spiny frogs
  A rime drake (Lair:3)
  A yaktaur (D:14)
  4 efreet
  A freezing wraith (D:15)
  6 komodo dragons
  6 trolls
  3 meliai (Gauntlet)
  10 hornets
  6 tyrant leeches
  4 polar bears
  20 blink frogs
  33 dream sheep
  12 slime creatures
  A bog body (Swamp:2)
  A deep troll zombie (D:15)
  13 hippogriffs
  2 meliai zombies
  13 spriggans (Lair:6)
  A redback (Lair:3)
  3 shadows
  4 wyverns
  A human (shapeshifter) (D:13)
  48 yaks
  2 basilisks
  A human (D:11)
  2 fire bats (Gauntlet)
  Menkaure (D:7)
  4 hungry ghosts
  7 vampire mosquitoes
  8 wargs
  9 insubstantial wisps
  A soldier ant (D:12)
  10 swamp worms
  14 water moccasins
  4 acid dragons
  8 porcupines
  2 swamp drakes
  An ice beast (D:9)
  A hornet zombie (D:12)
  29 orc warriors
  2 slaves (D:8)
  An eye of draining (D:11)
  5 sky beasts
  6 black bears
  2 phantoms
  31 wolves
  16 ogres
  4 boggarts (Lair:6)
  9 centaurs
  10 crocodiles
  5 big kobolds
  2 elf zombies
  12 bullfrogs
  A gnoll sergeant (D:9)
  A water moccasin skeleton (D:8)
  Dowan (D:7)
  3 killer bees (D:11)
  2 electric eels
  2 howler monkeys
  8 centaur zombies
  5 crimson imps
  A human zombie (Ossuary)
  A bullfrog skeleton (D:11)
  5 hounds
  19 jellies
  4 centaur skeletons
  A gnoll shaman (D:6)
  17 orc priests
  A quasit (D:11)
  18 orc wizards
  5 iguanas
  11 worker ants
  4 big kobold zombies (Ossuary)
  2 hound zombies (Ossuary)
  3 mummies (Ossuary)
  2 worker ant zombies
  13 adders
  9 gnolls
  A howler monkey skeleton (D:11)
  4 shadow imps
  4 ufetubi (Gauntlet)
  3 oozes
  An adder skeleton (D:4)
  5 adder zombies
  3 worms (D:2)
  4 dart slugs
  5 leopard geckos
  79 orcs
  9 bats
  5 giant cockroaches
  8 goblins
  8 hobgoblins
  12 jackals
  6 quokkas
  2 ball pythons (D:1)
  6 frilled lizards
  A giant cockroach zombie (D:5)
  A gnoll zombie (Ossuary)
  6 goblin zombies (Ossuary)
  2 hobgoblin zombies (Ossuary)
  6 jackal zombies
  20 kobolds
  A kobold zombie (Ossuary)
  A leopard gecko skeleton (D:6)
  A leopard gecko zombie (D:6)
  3 orc zombies (Ossuary)
  2 quokka zombies (Ossuary)
  13 rats
  3 rat zombies (Ossuary)
  A spectral orc (D:8)
  A plant (Lair:2)
  2 withered plants (D:15)
936 creatures vanquished.

Vanquished Creatures (others)
  A centaur (D:12)
  An orc (Bailey)
  A kobold (D:11)
  4 bushes (Lair:6)
  24 fungi
  9 plants (Lair:6)
  3 withered plants (D:15)
43 creatures vanquished.

Grand Total: 979 creatures vanquished

Notes
Turn   | Place    | Note
-------+----------+-------------------------------------------
     0 | D:1      | Ijustatesigmund the Ogre Fighter began the quest for the
                  | Orb.
     0 | D:1      | Reached XP level 1. HP: 24/24 MP: 1/1
    61 | D:1      | Reached XP level 2. HP: 32/32 MP: 2/2
   438 | D:1      | Reached XP level 3. HP: 40/40 MP: 3/3
   776 | D:2      | Reached XP level 4. HP: 30/49 MP: 4/4
   810 | D:2      | Found a white marble altar of Elyvilon.
   902 | D:2      | Reached skill level 5 in Fighting
   903 | D:2      | Found a hazy altar of Hepliaklqana.
  1022 | D:2      | Found a snail-covered altar of Cheibriados.
  1024 | D:2      | Found a shattered altar of Ashenzari.
  1147 | D:2      | Found a sparkling altar of Nemelex Xobeh.
  1201 | D:2      | Noticed an ogre
  1209 | D:2      | Killed an ogre
  1209 | D:2      | Reached XP level 5. HP: 11/58 MP: 5/5
  1587 | D:2      | Noticed a moth of wrath
  1590 | D:2      | Found a bloodstained altar of Trog.
  1761 | D:3      | Found a runed translucent gate.
  1762 | D:3      | Found a runed translucent gate.
  1798 | D:3      | Noticed jedigorilla's ghost (amateur TrBe)
  1822 | D:3      | Found a runed translucent gate.
  1921 | D:3      | Found an opulent altar of Gozag.
  1946 | D:3      | Noticed a two-headed ogre
  1948 | D:3      | Found a hide-covered altar of Uskayaw.
  1956 | D:3      | Killed a two-headed ogre
  1956 | D:3      | Reached skill level 7 in Fighting
  1956 | D:3      | Reached XP level 6. HP: 46/71 MP: 6/6
  1956 | D:3      | Reached XP level 7. HP: 51/78 MP: 7/7
  2371 | D:3      | Found a sacrificial altar of Ru.
  2575 | D:4      | Found Zadd's Jewellery Emporium.
  2578 | D:4      | Found Ybuun's Magic Scroll Shoppe.
  2592 | D:4      | Found Bosaul's Antique Armour Boutique.
  2613 | D:4      | Bought a glowing cloak for 172 gold pieces
  2647 | D:4      | Found Obbafy's General Store.
  2677 | D:4      | Reached XP level 8. HP: 83/88 MP: 8/8
  2714 | D:4      | Found a shimmering altar of Xom.
  2718 | D:4      | Found a shimmering altar of Xom.
  2719 | D:4      | Found a shimmering altar of Xom.
  2719 | D:4      | Found a shimmering altar of Xom.
  2727 | D:4      | Found a shimmering altar of Xom.
  2890 | D:4      | Found a shimmering altar of Xom.
  2897 | D:4      | Found a shimmering altar of Xom.
  3182 | D:4      | Found Qodwos Oqero's Antique Armour Emporium.
  3184 | D:4      | You fall into a shaft and drop 3 floors!
  3218 | D:7      | Noticed Dowan
  3246 | D:7      | Killed Dowan
  3246 | D:7      | Reached skill level 8 in Fighting
  3260 | D:7      | Noticed Duvessa
  3600 | D:5      | Entered Level 5 of the Dungeon
  3689 | D:5      | Found a shadowy altar of Dithmenos.
  3819 | D:5      | Found Fell's Armour Boutique.
  3842 | D:5      | Got a jewelled fustibalus
  3893 | D:5      | Found a sand-covered staircase.
  3902 | Ossuary  | Entered an ossuary
  3905 | Ossuary  | Identified the +4 fustibalus of Demonkind {venom, rF- Str+2
                  | Int+2} (You found it on level 5 of the Dungeon)
  4548 | D:4      | Bought an embroidered robe for 96 gold pieces
  4560 | D:4      | Reached XP level 9. HP: 97/97 MP: 9/9
  4581 | D:4      | Found a stormy altar of Qazlal.
  4734 | D:5      | Reached skill level 9 in Fighting
  5169 | D:6      | Found a runed translucent door.
  5170 | D:6      | Noticed swagumen's ghost (novice TrMo)
  5436 | D:6      | Found Buguat's Elemental Accessories.
  5449 | D:6      | Found Vosit's General Store.
  6317 | D:7      | Reached skill level 5 in Shields
  6586 | D:7      | Found a staircase to the Ecumenical Temple.
  6594 | Temple   | Entered the Ecumenical Temple
  6648 | Temple   | Became a worshipper of Warmaster Okawaru
  6722 | D:7      | Noticed Menkaure
  6735 | D:7      | Killed Menkaure
  6735 | D:7      | Reached skill level 10 in Fighting
  7124 | D:7      | Found a burning altar of Makhleb.
  7149 | D:7      | Reached skill level 1 in Invocations
  7516 | D:8      | Reached * piety under Okawaru
  7548 | D:8      | Noticed Maurice
  7567 | D:8      | Killed Maurice
  7567 | D:8      | Reached XP level 10. HP: 28/111 MP: 10/12
  7568 | D:8      | Found a blossoming altar of Fedhas.
  7958 | D:8      | Noticed Pikel
  7978 | D:8      | Killed Pikel
  8005 | D:8      | Noticed Gastronok
  8023 | D:8      | Killed Gastronok
  8023 | D:8      | Reached ** piety under Okawaru
  8023 | D:8      | Reached *** piety under Okawaru
  8023 | D:8      | Reached skill level 11 in Fighting
  8055 | D:8      | Found a basalt altar of Yredelemnul.
  8128 | D:8      | Reached skill level 5 in Invocations
  8438 | D:4      | Bought a +3 amulet of reflection for 204 gold pieces
  8530 | D:9      | Noticed a sixfirhy
  8533 | D:9      | Found a runed translucent door.
  8572 | D:9      | Killed a sixfirhy
  8606 | D:9      | Reached **** piety under Okawaru
  8652 | D:9      | Reached XP level 11. HP: 111/123 MP: 15/15
  8685 | D:9      | Reached skill level 12 in Fighting
  8745 | D:9      | Found Cilyug's Jewellery Shop.
  8748 | D:9      | Noticed Joseph
  8757 | D:9      | Killed Joseph
  9029 | D:9      | Got a bloodstained trident
  9030 | D:9      | Identified the +3 trident "Beetleslayer" {elec, MP+9} (You
                  | found it on level 9 of the Dungeon)
  9134 | D:9      | Noticed a two-headed ogre
  9147 | D:9      | Killed a two-headed ogre
  9337 | D:10     | Entered Level 10 of the Dungeon
  9498 | D:10     | Noticed a death yak
  9499 | D:10     | Noticed a death yak
  9504 | D:10     | Noticed a death yak
  9515 | D:10     | Killed a death yak
  9515 | D:10     | Reached ***** piety under Okawaru
  9534 | D:10     | Killed a death yak
  9534 | D:10     | Reached skill level 10 in Maces & Flails
  9546 | D:10     | Killed a death yak
  9889 | D:10     | Found a staircase to the Lair.
  9913 | D:10     | Noticed Sonja
  9924 | D:10     | Killed Sonja
  9924 | D:10     | Received a gift from Okawaru
  9924 | D:10     | Reached skill level 5 in Dodging
 10091 | D:10     | Reached skill level 13 in Fighting
 10306 | D:10     | Reached XP level 12. HP: 136/136 MP: 17/17
 10890 | D:11     | Noticed a sun demon
 11120 | D:11     | Found a burning altar of Makhleb.
 11625 | D:11     | Noticed a five-headed hydra
 11634 | D:11     | Killed a five-headed hydra
 12638 | D:12     | Found the +7 captain's cutlass {speed, disarm}
 12956 | D:12     | Noticed a two-headed ogre
 12956 | D:12     | Noticed a two-headed ogre
 12978 | D:11     | Killed a two-headed ogre
 13229 | D:12     | Found a staircase to the Orcish Mines.
 13552 | D:12     | Reached skill level 14 in Fighting
 13560 | D:12     | Killed a two-headed ogre
 13970 | D:12     | Gained mutation: You are covered in fur. (AC +1) [potion of
                  | mutation]
 13970 | D:12     | Gained mutation: You do not regenerate when monsters are
                  | visible. [potion of mutation]
 13970 | D:12     | Gained mutation: You are resistant to electric shocks.
                  | (rElec) [potion of mutation]
 14076 | D:6      | Bought a potion of mutation for 80 gold pieces
 14076 | D:6      | Lost mutation: You are covered in fur. (AC +1) [potion of
                  | mutation]
 14076 | D:6      | Lost mutation: You do not regenerate when monsters are
                  | visible. [potion of mutation]
 14076 | D:6      | Gained mutation: Your system is resistant to poisons.
                  | (rPois) [potion of mutation]
 14076 | D:6      | Gained mutation: You are partially covered in thin metallic
                  | scales. (AC +2) [potion of mutation]
 14076 | D:6      | Gained mutation: Your muscles are strong. (Str +2) [potion
                  | of mutation]
 14537 | D:13     | Noticed a vault guard
 14574 | D:13     | Killed a vault guard
 14574 | D:13     | Reached XP level 13. HP: 110/148 MP: 20/20
 14585 | D:13     | Found a gate to the Vaults.
 14601 | D:13     | Identified a scroll of acquirement
 14609 | D:13     | Got an ancient giant spiked club
 14610 | D:13     | Identified the +4 giant spiked club "Gimekk" {crush, Str+3}
                  | (You acquired it on level 13 of the Dungeon)
 15064 | D:13     | Reached skill level 10 in Invocations
 15338 | D:13     | Received a gift from Okawaru
 15686 | D:13     | Reached skill level 15 in Fighting
 15746 | Lair:1   | Entered Level 1 of the Lair of Beasts
 15989 | Lair:1   | Found a hazy altar of Hepliaklqana.
 16865 | Lair:2   | Found a staircase to the Swamp.
 17299 | Lair:2   | Received a gift from Okawaru
 17774 | Lair:3   | Reached skill level 16 in Fighting
 17797 | Lair:3   | Reached XP level 14. HP: 107/162 MP: 22/22
 18023 | Lair:3   | Found a hole to the Spider Nest.
 19375 | Lair:4   | Reached ****** piety under Okawaru
 19447 | Lair:4   | Received a gift from Okawaru
 19916 | Lair:5   | Reached skill level 17 in Fighting
 20527 | Lair:6   | Entered Level 6 of the Lair of Beasts
 20627 | Lair:5   | Received a gift from Okawaru
 20628 | Lair:5   | Found the +7 great mace "Firestarter" {inner flame, rF++}
 20823 | Lair:6   | Reached skill level 1 in Throwing
 21405 | Lair:6   | Reached XP level 15. HP: 154/174 MP: 24/24
 21446 | Lair:6   | Received a gift from Okawaru
 21459 | Lair:6   | Got a fine robe {god gift}
 21885 | Lair:6   | Found a staircase to the Slime Pits.
 21992 | Lair:6   | Identified the +1 robe of Temperance {Dex+6} (Okawaru
                  | gifted it to you on level 6 of the Lair of Beasts)
 22002 | Lair:6   | Reached skill level 5 in Throwing
 22522 | Lair:6   | Identified the ring "Lunoin" {Str+8 Stlth+} (You found it
                  | on level 6 of the Lair of Beasts)
 22903 | Orc:1    | Entered Level 1 of the Orcish Mines
 22931 | Orc:2    | Entered Level 2 of the Orcish Mines
 22949 | Orc:2    | Found a staircase to the Elven Halls.
 23101 | Orc:1    | Found a transporter.
 23146 | Orc:1    | Found a flagged portal.
 23155 | Bailey   | Entered a bailey
 23785 | Orc:1    | Received a gift from Okawaru
 24232 | Orc:1    | Found a roughly hewn altar of Beogh.
 24232 | Orc:1    | Found a transporter.
 24261 | Orc:1    | Reached skill level 1 in Armour
 25095 | Orc:2    | Received a gift from Okawaru
 25109 | Orc:2    | Reached XP level 16. HP: 76/183 MP: 23/26
 25357 | Orc:2    | Found Kerit's Food Emporium.
 25373 | Orc:2    | Found Urphunun's Gadget Boutique.
 25375 | Orc:2    | Found Boafux's Antique Weapon Emporium.
 25376 | Orc:2    | Found Yttequ Pygir's Gadget Boutique.
 26243 | D:14     | Received a gift from Okawaru
 26425 | D:14     | Found Xypletas's Gadget Shop.
 26685 | D:14     | Reached skill level 15 in Invocations
 27011 | D:15     | Entered Level 15 of the Dungeon
 27028 | D:15     | Received a gift from Okawaru
 27140 | D:15     | Found a gate leading to a gauntlet.
 27149 | Gauntlet | Entered a Gauntlet
 27149 | Gauntlet | Found a transporter.
 27149 | Gauntlet | Found a transporter.
 27151 | Gauntlet | Found a transporter.
 27151 | Gauntlet | Found a transporter.
 27155 | Gauntlet | Found a transporter.
 27155 | Gauntlet | Found a transporter.
 27189 | Gauntlet | Found a transporter.
 27193 | Gauntlet | Found a transporter.
 27206 | Gauntlet | Found a transporter.
 27218 | Gauntlet | Found a transporter.
 27236 | Gauntlet | Found a transporter.
 27237 | Gauntlet | Found a transporter.
 27298 | Gauntlet | Got a sparkling iron ring
 27300 | Gauntlet | Identified the ring of the Traitor {rPois rCorr Int+2 Dex-2
                  | Slay+3} (You found it in a Gauntlet)
 27375 | Gauntlet | Identified the ring "Rehearuyd" {rPois EV+1} (You found it
                  | in a Gauntlet)
 27829 | D:15     | Received a gift from Okawaru
 27829 | D:15     | Reached skill level 15 in Maces & Flails
 27837 | D:15     | Reached skill level 1 in Evocations
 27859 | D:15     | Received a gift from Okawaru
 27867 | D:15     | HP: 7/183 [white ugly thing/exploding inner flame[the
                  | player character] (6)]
 27867 | D:15     | HP: 1/183 [green ugly thing (7)]
 27869 | D:15     | Received a gift from Okawaru
 28234 | D:15     | Found a staircase to the Depths.
 28256 | D:15     | Reached skill level 5 in Armour
 28264 | D:15     | Received a gift from Okawaru
 28408 | D:15     | Received a gift from Okawaru
 28789 | D:15     | Received a gift from Okawaru
 28790 | D:15     | Found the +8 storm bow {elec, penet}
 29567 | Swamp:1  | Entered Level 1 of the Swamp
 29574 | Swamp:1  | Paralysed by a hornet for 3 turns
 29850 | Swamp:1  | Paralysed by a hornet for 2 turns
 29875 | Swamp:1  | Reached XP level 17. HP: 66/191 MP: 28/28
 31237 | Swamp:2  | Received a gift from Okawaru
 31289 | Swamp:2  | You fall into a shaft and drop 1 floor!
 31324 | Swamp:3  | Identified Heik's Grimoire of Battle Magic and Toxins
 31359 | Swamp:3  | Slain by an alligator

Levels and vault maps discovered:
D:1:      tarquinn_simple_flora_water_f, layout_basic
D:2:      layout_basic, old_standard_altar, nicolae_overflow_crystal_walls,
          tgw_trog, nemelex_altar_shiori,
          chequers_temple_overflow_statue_of_worship, first_ration
D:3:      layout_basic, eat_drink_and_be_merry_uskayaw, old_standard_altar,
          gammafunk_ghost_icy, nicolae_ru_awakened_eye
D:4:      layout_basic, nicolae_xom_altar_mimics,
          nicolae_qazlal_style_of_elements, serial_shops, shop_fountains,
          nicolae_shop_temple_entry_statues_fountains, shop, shop, shop,
          columned_hall_lemuel
D:5:      layout_loops_ring, serial_shops, shop, enter_ossuary_1,
          nicolae_dithmenos_the_darkroom
D:6:      layout_basic, serial_shops, shop, ebering_ghost_reflecting_pool,
          nicolae_elemental_shop, wad_floor_pattern_2
D:7:      layout_rooms, kennysheep_little_box, temple_green,
          serial_co_window_serial, co_window_of_opportunity_a,
          co_window_of_opportunity_a, co_window_of_opportunity_a,
          co_window_paths_a, co_window_paths_b, co_window_paths_a,
          co_window_paths_b, co_window_corner_a, co_window_of_opportunity_a,
          co_window_broadway_c, co_window_broadway_c, co_window_corner_cb,
          co_window_2corner, co_window_2corner, glass_columns_a,
          glass_columns_b, glass_columns_b, uniq_menkaure, uniq_duvessa
D:8:      layout_loops_ring, fedhas_altar_fruit_tree,
          yredelemnul_forgotten_temple_becter, uniq_maurice, uniq_gastronok,
          uniq_pikel
D:9:      cheibrodos_shockbox, layout_long_grid, serial_shops,
          nicolae_shop_behind_doors, uniq_joseph
D:10:     layout_rooms, dpeg_lair_monsters, serial_glass, glass_columns_b,
          glass_columns_a, minmay_strange_pillars, feat_on_display,
          due_unseen_surprise, uniq_sonja
D:11:     layout_stronghold, basic_altar, grunt_pizzeria
D:12:     layout_cross, david_orc_3
D:13:     layout_roguey, david_vaults_5, drop_trap, lightli_corner_chamber
D:14:     layout_cave_pods, serial_park_tiny_2, serial_shops, shop_fountains,
          minivault_23, grunt_ministairs_2
D:15:     gammafunk_depths_entry_grave, layout_irregular_city,
          hangedman_decor_diamond_cutter, gauntlet_entry_generic
Temple:   jpeg_temple_island
Lair:1:   layout_roguey, basic_altar
Lair:2:   wander_river, layout_regular_city, minmay_swamp_entry_worms,
          minmay_lair_oklob_chamber
Lair:3:   layout_gridlike, spider_nest_entry_webs, grunt_megastairs_1,
          serial_bayou_shore_a
Lair:4:   layout_gridlike
Lair:5:   layout_cave_shapes, infiniplex_staircase_pool
Lair:6:   minmay_lair_end_enchanted_forest, layout_hall_layers,
          minmay_slime_entry_jelly_boxes, minivault_25, grunt_megastairs_5
Swamp:1:  layout_falls_marsh, nicolae_swamp_treefoil
Swamp:2:  layout_basic_swamp, evilmike_swamp_ruin_rubble_1,
          infiniplex_staircase_pool_2
Swamp:3:  layout_basic_swamp, ebering_ghost_disaster_area,
          hangedman_swamp_lotus, swamp_pool5, uniq_kirke, uniq_mara, uniq_louise
Orc:1:    gammafunk_beogh_shrine, layout_caves, enter_bailey_3
Orc:2:    st_orc_elflike, layout_diamond_mine

Skill      XL: |  1  2  3  4  5  6  7  8  9 10 11 12 13 14 15 16 17 |
---------------+----------------------------------------------------+-----
Maces & Flails | 2 3 4 6 7 8 9 10 11 12 13 14 15 | 15.4
Fighting       | 5 7 8 10 11 13 14 16 17 | 17.1
Dodging        | 4 5 7 |  7.2
Shields        | 4 5 7 |  7.6
Invocations    | 3 5 7 9 11 13 14 15 | 15.8
Throwing       | 2 6 7 |  7.1
Armour         | 2 5 6 |  6.0
Evocations     | 3 |  3.9

Action                   |  1- 3 |  4- 6 |  7- 9 | 10-12 | 13-15 | 16-18 || total
-------------------------+-------+-------+-------+-------+-------+-------++-------
Melee: Flail             |    68 |       |       |       |       |       ||    68
       Whip              |    35 |   119 |   435 |   813 |     1 |       ||  1403
       Giant spiked club |       |       |       |       |   445 |       ||   445
       Great mace        |       |       |       |       |   447 |   366 ||   813
Throw: Large rock        |       |       |     6 |    14 |    53 |    52 ||   125
       Dart              |       |       |       |       |     8 |       ||     8
Invok: Heroism           |       |       |       |    10 |    11 |     4 ||    25
       Finesse           |       |       |       |     2 |     4 |     1 ||     7
 Abil: Evoke Invisibilit |       |       |       |       |       |     1 ||     1
Evoke: Wand              |       |       |     7 |    14 |    25 |       ||    46
  Use: Scroll            |     2 |     5 |    14 |    11 |    14 |    10 ||    56
       Potion            |     2 |     1 |     2 |     8 |    14 |     5 ||    32
 Stab: Sleeping          |     1 |     1 |     3 |     3 |       |       ||     8
       Paralysed         |       |       |     7 |       |       |       ||     7
       Invisible         |       |       |       |       |       |     2 ||     2
  Eat: Chunk             |       |     1 |    10 |    17 |    26 |     6 ||    60
       Ration            |       |     1 |     2 |     2 |     2 |     5 ||    12
Armor: Robe              |    46 |    35 |    57 |   110 |       |       ||   248
       Troll leather arm |       |       |       |     5 |   517 |   215 ||   737
Dodge: Dodged            |    33 |    34 |    89 |   195 |   742 |   280 ||  1373
Block: Shield            |    51 |    53 |   151 |   446 |       |       ||   701
       Reflection        |       |       |       |    19 |     4 |     2 ||    25
       Other             |       |       |       |       |   146 |    55 ||   201

Table legend:
 A = Non-vault XP
 B = Vault XP
 C = Vault XP percentage of total XP
 D = Non-vault monster count
 E = Vault monster count
 F = Vault count percentage of total count
                 A         B        C        D         E       F
            +---------+---------+-------+---------+---------+-------
      Total |  138392 |   55063 |  28.5 |     685 |     248 |  26.6
            +---------+---------+-------+---------+---------+-------
        D:1 |      47 |       0 |   0.0 |      27 |       0 |   0.0
        D:2 |     213 |       9 |   4.1 |      22 |       5 |  18.5
        D:3 |     924 |       0 |   0.0 |      20 |       0 |   0.0
        D:4 |     389 |       0 |   0.0 |      18 |       0 |   0.0
        D:5 |     285 |       0 |   0.0 |      16 |       0 |   0.0
        D:6 |     906 |       0 |   0.0 |      24 |       0 |   0.0
        D:7 |     299 |     252 |  45.7 |       4 |       2 |  33.3
        D:8 |    1067 |    3310 |  75.6 |      26 |       4 |  13.3
        D:9 |    3041 |    1203 |  28.3 |      27 |       2 |   6.9
       D:10 |    3222 |    4029 |  55.6 |      26 |      12 |  31.6
       D:11 |    6108 |     192 |   3.0 |      49 |       1 |   2.0
       D:12 |    4288 |     268 |   5.9 |      29 |       3 |   9.4
       D:13 |    5559 |    3041 |  35.4 |      20 |       6 |  23.1
       D:14 |   13732 |     413 |   2.9 |      32 |       2 |   5.9
       D:15 |   19258 |    4605 |  19.3 |      43 |       8 |  15.7
     Lair:1 |    3361 |       0 |   0.0 |      15 |       0 |   0.0
     Lair:2 |    7602 |    2851 |  27.3 |      37 |      11 |  22.9
     Lair:3 |    2792 |    1573 |  36.0 |      16 |       8 |  33.3
     Lair:4 |    7826 |       0 |   0.0 |      17 |       0 |   0.0
     Lair:5 |   10785 |    1021 |   8.6 |      42 |       4 |   8.7
     Lair:6 |   20518 |   11163 |  35.2 |      58 |      68 |  54.0
    Swamp:1 |   13209 |       0 |   0.0 |      29 |       0 |   0.0
    Swamp:2 |    3215 |       0 |   0.0 |      13 |       0 |   0.0
    Swamp:3 |    1046 |       0 |   0.0 |       5 |       0 |   0.0
      Orc:1 |    4162 |    6466 |  60.8 |      35 |      18 |  34.0
      Orc:2 |    4538 |    8293 |  64.6 |      35 |      25 |  41.7
    Ossuary |       0 |     471 | 100.0 |       0 |      40 | 100.0
     Bailey |       0 |    1821 | 100.0 |       0 |      17 | 100.0
   Gauntlet |       0 |    4082 | 100.0 |       0 |      12 | 100.0
            +---------+---------+-------+---------+---------+-------
